 Dungeon Crawl Stone Soup version 0.31.0-32-g396128a36d (webtiles) character file.

Game seed: 13430508897606019347

18 spaghetti the Slasher (level 2, 0/18 HPs)
             Began as a Deep Elf Berserker on Mar 22, 2024.
             Was a Follower of Trog.
             Slain by a goblin
             ... wielding a +0 club
              (4 damage)
             ... on level 2 of the Dungeon.
             The game lasted 00:00:39 (610 turns).

spaghetti the Slasher (Deep Elf Berserker)           Turns: 610, Time: 00:00:39

Health: 0/18       AC:  2    Str: 14    XL:     2   Next: 51%
Magic:  4/4        EV: 12    Int: 11    God:    Trog [*.....]
Gold:   65         SH:  0    Dex: 14    Spells: 1/1 levels left

rFire   . . .        a - +0 falchion
rCold   . . .        (no shield)
rNeg    . . .        b - +0 animal skin
rPois   .            (no helmet)
rElec   .            (no cloak)
rCorr   .            (no gloves)
SInv    .            (no boots)
Will    +....        (no amulet)
Stlth   ++           (no ring)
HPRegen 0.23/turn    (no ring)
MPRegen 0.09/turn

%: no passive effects
@: mighty, lethally poisoned (0 -> -3), enlightened, flying
A: no striking features
a: Renounce Religion, Berserk


You were on level 2 of the Dungeon.
You worshipped Trog.
Trog was aware of your devotion.
You visited 1 branch of the dungeon, and saw 2 of its levels.

You collected 65 gold pieces.

Inventory:

Hand Weapons
 a - a +0 falchion (weapon)
Armour
 b - a +0 animal skin (worn)
Scrolls
 c - 2 scrolls of enchant weapon {unknown}
 d - a scroll of teleportation {unknown}
 g - 3 scrolls of vulnerability {unknown}


   Skills:
 - Level 2.4 Fighting
 + Level 3.1 Long Blades
 - Level 1.5 Armour
 - Level 2.4 Dodging
 + Level 2.1 Stealth


You had one spell level left.
You didn't know any spells.
Your spell library was empty.

Dungeon Overview and Level Annotations

Branches:
Dungeon (2/15)

Altars:


Message History

The adder is moderately wounded.
The adder bites you. The giant cockroach misses you.
The goblin barely misses you.
You are too injured to fight recklessly!
You are too injured to fight recklessly!
You are too injured to fight recklessly!
You are too injured to fight recklessly!
You are too injured to fight recklessly!
You are too injured to fight recklessly!
You are too injured to fight recklessly!
You are too injured to fight recklessly!
You are too injured to fight recklessly!
You are too injured to fight recklessly!
You are too injured to fight recklessly!
You are too injured to fight recklessly!
You are too injured to fight recklessly!
You are too injured to fight recklessly!
You are too injured to fight recklessly!
You fail to use your ability.
The adder bites you but does no damage. The giant cockroach bites you.
The goblin hits you with a +0 club. The adder bites you.
You are poisoned.
The adder poisons you!
You barely miss the goblin.
You feel sick. The giant cockroach closely misses you.
The adder barely misses you. The goblin hits you with a +0 club.
The giant cockroach bites you but does no damage.
It was a potion of might.
You feel very mighty all of a sudden.
You feel sick. The adder closely misses you. The goblin misses you.
The giant cockroach bites you but does no damage.
It was a potion of enlightenment.
You feel very buoyant.
You fly up into the air.
You feel sick.
You are no longer poisoned.
The adder bites you.
* * * LOW HITPOINT WARNING * * *
You are poisoned.
The adder poisons you! The goblin hits you with a +0 club.
You die...

# .#. ##### #
...## ...<#.. ...
....... ###.###
.....
#.....##B.#.#..
#......@g......
#.#.#..#S.#.#.#
...............
.##...##.######.#
#.## #.# .. #.#
## ###


You could see an adder, a giant cockroach and a goblin.

Vanquished Creatures
  2 dart slugs (D:1)
  2 ball pythons (D:1)
  An endoplasm (D:1)
  A giant cockroach (D:1)
  2 hobgoblins (D:1)
  A bat (D:1)
  2 frilled lizards (D:1)
  2 kobolds (D:1)
  A rat (D:1)
14 creatures vanquished.

Notes
Turn   | Place    | Note
-------+----------+-------------------------------------------
     0 | D:1      | spaghetti the Deep Elf Berserker began the quest for the
                  | Orb.
     0 | D:1      | Reached XP level 1. HP: 13/13 MP: 3/3
   166 | D:1      | Reached skill level 1 in Stealth
   183 | D:1      | Reached skill level 3 in Long Blades
   190 | D:1      | Reached XP level 2. HP: 17/18 MP: 4/4
   610 | D:2      | Slain by a goblin

Illustrated notes

Levels and vault maps discovered:
D:1:      dpeg_arrival_simpleton_c, layout_basic
D:2:      layout_basic, serial_shops, shop

Skill      XL: |  1  2 |
---------------+-------+-----
Stealth        | 1 2 |  2.1
Long Blades    | 3 |  3.1
Fighting       | |  2.4
Armour         | |  1.5
Dodging        | |  2.4

Action                     || total
---------------------------++-------
  Melee: Falchion          ||    46
    Use: Potion            ||     2
   Stab: Sleeping          ||     1
 Armour: Animal skin       ||    37
  Dodge: Dodged            ||    32
